 Dungeon Crawl Stone Soup version 0.30-a0-950-gbf40cfac39 (webtiles) character file.

Game seed: 10550096506797477441

508636 M4edhros the Immaculate (level 24, -5/138 (161) HPs)
             Began as an Octopode Chaos Knight on Mar 23, 2023.
             Was a High Priest of Zin.
             Slain by a flayed ghost (13 damage)
             ... led by a death knight
             ... on level 2 of the Crypt on Mar 28, 2023.
             The game lasted 02:08:51 (99687 turns).

M4edhros the Immaculate (Octopode Chaos Knight)    Turns: 99687, Time: 02:08:51

HP:   -5/138 (161)  AC:  9    Str: 26      XL:     24   Next: 70%
MP:   24/52         EV: 26    Int: 26      God:    Zin [*****.]
Gold: 2345          SH: 18    Dex: 17 (18) Spells: 40/55 levels left

rFire   + + .      SeeInvis +    c - +9 morningstar (protect)
rCold   + + .      Faith    .    I - +4 kite shield {reflect}
rNeg    . . .      Spirit   .    x - +1 hat {Will+}
rPois   +          Reflect  +    y - amulet of regeneration
rElec   .          Rampage  .    T - ring of magical power
rCorr   .                        m - +4 ring of slaying
Will    ++++.                    U - +5 ring of evasion
Stlth   +++++                    K - +6 ring of intelligence
HPRegen 1.23/turn                e - ring of protection from fire
MPRegen 0.33/turn                F - +6 ring of strength
                                 h - ring "Hosaom" {+Blink Will+ SInv}
                                 O - +6 ring of intelligence

@: about to teleport, flayed, studying Throwing, heavily drained
A: almost no armour, amphibious, 8 rings, camouflage 1, gelatinous body 1,
(nimble swimmer 1), tentacles, fangs 1, tentacle spike 2, iridescent scales 3,
cold resistance 2, fire resistance 1, strong-willed 1, sense surroundings 1,
poison resistance, shaggy fur 1, strong 2
}: 4/15 runes: serpentine, barnacled, slimy, silver
a: Renounce Religion, Evoke Blink, Recite, Vitalisation, Imprison, Sanctuary,
Donate Gold


You were on level 2 of the Crypt.
You worshipped Zin.
Zin was extremely pleased with you.
You visited 10 branches of the dungeon, and saw 46 of its levels.
You visited the Abyss 2 times.
You also visited: Sewer, Ice Cave and Volcano.

You collected 6771 gold pieces.
You spent 1589 gold pieces at shops.
You donated 2837 gold pieces to Zin.

Inventory:

Hand Weapons
 c - a +9 morningstar of protection (weapon)
Missiles
 w - 2 throwing nets
 W - 12 curare-tipped darts
Armour
 x - a +1 hat of willpower (worn)
 I - a +4 kite shield of reflection (worn)
Jewellery
 e - a ring of protection from fire (on tentacle)
 h - the ring "Hosaom" (on tentacle) {+Blink Will+ SInv}
   (You took it off a deep elf master archer on level 3 of the Elven Halls)

   [ring of willpower]

   SInv:      It lets you see invisible.
   +Blink:    It lets you blink.
   Will:      It increases your willpower.
 l - the ring of Kothiri {rCorr AC+4 Int+3}
   (You took it off a deep elf sorcerer on level 5 of the Vaults)

   [ring of protection]

   AC:        It affects your AC (+4).
   Int:       It affects your intelligence (+3).
   rCorr:     It protects you from acid and corrosion.
 m - a +4 ring of slaying (right tentacle)
 y - an amulet of regeneration (around mantle)
 C - the amulet of the Air {Inacc Air Fly rElec RMsl}
   (You found it on level 5 of the Pits of Slime)

   [amulet of nothing]

   Inacc:     It reduces the accuracy of your attacks and spells.
   Air:       It enhances your air magic.
   rElec:     It insulates you from electricity.
   Fly:       It grants you flight.
   RMsl:      It protects you from missiles.
 F - a +6 ring of strength (on tentacle)
 H - a ring of protection from fire
 K - a +6 ring of intelligence (on tentacle)
 O - a +6 ring of intelligence (on tentacle)
 Q - a ring of resist corrosion
 T - a ring of magical power (left tentacle)
 U - a +5 ring of evasion (on tentacle)
Wands
 i - a wand of quicksilver (18)
 o - a wand of flame (89) (quivered)
 v - a wand of charming (15)
 E - a wand of iceblast (33)
 Z - a wand of mindburst (23)
Scrolls
 a - 9 scrolls of magic mapping
 g - 6 scrolls of teleportation
 n - a scroll of amnesia
 t - 9 scrolls of vulnerability
 A - 8 scrolls of immolation
 B - 4 scrolls of fog
 L - 2 scrolls of silence
 S - 6 scrolls of fear
 V - 3 scrolls of butterflies
 Y - a scroll of enchant weapon
Potions
 d - 2 potions of might
 j - a potion of haste
 k - 2 potions of mutation
 p - 10 potions of attraction
 q - 9 potions of degeneration
 r - 6 potions of brilliance
 s - 6 potions of magic
 u - 11 potions of cancellation
 z - 8 potions of ambrosia
 G - 10 potions of flight
 J - 2 potions of resistance
 P - 11 potions of curing
 X - a potion of heal wounds
Miscellaneous
 D - a condenser vane
 M - a phial of floods
 N - a lightning rod (4/4)
 R - a phantom mirror


   Skills:
 + Level 15.5 Fighting
 + Level 14.6 Maces & Flails
 + Level 14.6 Dodging
 - Level 9.2 Stealth
 - Level 15.3 Shields
 - Level 16.0 Spellcasting
 * Level 6.0 Hexes
 - Level 19.4 Summonings
 - Level 20.2 Invocations
 - Level 8.7 Evocations


You had 40 spell levels left.
You knew the following spells:

 Your Spells              Type           Power      Damage    Failure   Level
a - Summon Hydra          Summ           44%        N/A       1%          7
b - Discord               Hex            25%        N/A       100%        8

Your spell library contained the following spells:

 Spells                   Type           Power      Damage    Failure   Level
 Summon Small Mammal      Summ           100%       N/A       0%          1
 Call Canine Familiar     Summ           88%        N/A       0%          3
 Slow                     Hex            100%       N/A       1%          1
 Ensorcelled Hibernation  Hex/Ice        72%        N/A       1%          2
 Confusing Touch          Hex            51%        N/A       1%          3
 Summon Ice Beast         Ice/Summ       63%        N/A       1%          4
 Dazzling Flash           Conj/Hex       72%        N/A       3%          3
 Inner Flame              Hex/Fire       36%        N/A       3%          3
 Portal Projectile        Hex/Tloc       72%        N/A       3%          3
 Cause Fear               Hex            25%        N/A       3%          4
 Apportation              Tloc           40%        N/A       4%          1
 Foxfire                  Conj/Fire      80%        2x1d8     4%          1
 Kiss of Death            Conj/Necr      80%        2d11      4%          1
 Necrotise                Necr           80%        1d8       4%          1
 Shock                    Conj/Air       80%        1d8       4%          1
 Blink                    Tloc           40%        N/A       6%          2
 Cigotuvi's Dreadful Rot  Necr/Pois/Air  40%        N/A       6%          2
 Lesser Beckoning         Tloc           40%        N/A       6%          2
 Momentum Strike          Conj/Tloc      40%        3d9       6%          2
 Passwall                 Tmut/Erth      16%        N/A       6%          2
 Poisonous Vapours        Pois/Air       40%        N/A       6%          2
 Sublimation of Blood     Necr           20%        N/A       6%          2
 Wereblood                Tmut           20%        N/A       6%          2
 Anguish                  Hex/Necr       18%        N/A       12%         4
 Fulminant Prism          Conj/Hex       18%        3d10      12%         4
 Leda's Liquefaction      Hex/Erth       18%        N/A       12%         4
 Frozen Ramparts          Ice            40%        1d7       13%         3
 Gell's Gravitas          Tloc           20%        N/A       13%         3
 Hailstorm                Conj/Ice       20%        3d6       13%         3
 Ignite Poison            Fire/Tmut/Pois 20%        N/A       13%         3
 Kindle Blastsparks       Fire/Tloc/Air  40%        2d13      13%         3
 Mephitic Cloud           Conj/Pois/Air  20%        N/A       13%         3
 Ozocubu's Armour         Ice            20%        N/A       13%         3
 Swiftness                Air            20%        N/A       13%         3
 Teleport Other           Tloc           20%        N/A       13%         3
 Vampiric Draining        Necr           20%        2d7       13%         3
 Vhi's Electric Charge    Tloc/Air       40%        N/A       13%         3
 Silence                  Hex/Air        18%        N/A       34%         5
 Yara's Violent Unravell  Hex/Tmut       18%        3d9       34%         5
 Airstrike                Air            10%        2d(2-18)  38%         4
 Dispel Undead            Necr           20%        3d11      38%         4
 Ice Form                 Ice/Tmut       20%        N/A       38%         4
 Iskenderun's Mystic Bla  Conj/Tloc      20%        2d6       38%         4
 Manifold Assault         Tloc           20%        N/A       38%         4
 Olgreb's Toxic Radiance  Pois           20%        N/A       38%         4
 Passage of Golubria      Tloc           20%        N/A       38%         4
 Petrify                  Tmut/Erth      20%        N/A       38%         4
 Sticky Flame             Conj/Fire      20%        2d4       38%         4
 Haunt                    Necr/Summ      31%        N/A       56%         7
 Spellforged Servitor     Conj/Summ      31%        N/A       56%         7
 Agony                    Necr           20%        N/A       75%         5
 Alistair's Intoxication  Tmut/Pois      13%        N/A       75%         5
 Arcjolt                  Conj/Air       10%        1d20      75%         5
 Fireball                 Conj/Fire      10%        3d6       75%         5
 Irradiate                Conj/Tmut      10%        3d15      75%         5
 Iskenderun's Battlesphe  Conj           20%        2d7       75%         5
 Lee's Rapid Deconstruct  Erth           10%        3d8*      75%         5
 Enfeeble                 Hex            25%        N/A       97%         7
 Conjure Ball Lightning   Conj/Air       10%        3x3d6     100%        6
 Dispersal                Tloc           10%        N/A       100%        6
 Iron Shot                Conj/Erth      10%        9d3       100%        6
 Simulacrum               Ice/Necr       10%        N/A       100%        6
 Starburst                Conj/Fire      10%        6d5       100%        6
 Statue Form              Tmut/Erth      13%        N/A       100%        6
 Ozocubu's Refrigeration  Ice            10%        4d9       100%        7
 Storm Form               Tmut/Air       10%        N/A       100%        7
 Disjunction              Tloc           10%        N/A       100%        8
 Ignition                 Fire           10%        3d5       100%        8
 Lehudib's Crystal Spear  Conj/Erth      10%        10d4      100%        8
 Maxwell's Capacitive Co  Air            10%        ∞         100%        8


Dungeon Overview and Level Annotations

Branches:
Dungeon (15/15)            Temple (1/1) D:5            Lair (5/5) D:10
 Shoals (4/4) Lair:2        Snake (4/4) Lair:3        Slime (5/5) Lair:5
    Orc (2/2) D:12            Elf (3/3) Orc:2        Vaults (5/5) D:14
  Crypt (2/3) Vaults:2     Depths (0/4) D:15          Sewer (visited)
  IceCv (visited)         Volcano (visited)

Altars:
Ashenzari
Cheibriados
Dithmenos
Elyvilon
Fedhas
Gozag
Hepliaklqana
Kikubaaqudgha
Makhleb
Nemelex Xobeh
Okawaru
Qazlal
Ru
Sif Muna
Trog
Uskayaw
Vehumet
Wu Jian
Xom
Yredelemnul
Zin
The Shining One
Jiyva

Shops:
D:8 *   D:10 ?   D:12 *   Orc:2 ([*(*   Elf:1 **   Snake:3 *(   Vaults:3 ?

Annotations:
Crypt:2 19 runed doors


Innate Abilities, Weirdness & Mutations

You cannot wear most types of armour.
You are amphibious.
You can wear up to eight rings at the same time.
Your skin changes colour to match your surroundings (Stealth+).
Your rubbery body absorbs attacks. (AC +1, EV +1)
((You are camouflaged when in or above water. (Stealth+)))
You have tentacles for arms and can constrict up to eight enemies at once.
You have very sharp teeth.
One of your tentacles bears a nasty spike.
You are completely covered in iridescent scales. (AC +6)
Your flesh is very cold resistant. (rC++)
Your flesh is heat resistant. (rF+)
You are strong-willed. (Will+)
You passively map a small area around you.
Your system is resistant to poisons. (rPois)
You are covered in fur. (AC +1)
Your muscles are very strong. (Str +8, Int/Dex -2)


Message History

The lich gestures wildly while chanting.
The lich seems to speed up.
Okay, then.
Okay, then.
There's already a sanctuary in place on this level.
As you read the scroll of teleportation, it crumbles to dust.
You feel strangely unstable.
The sanctuary disappears.
The jiangshi claws you.
* * * LOW HITPOINT WARNING * * *
The jiangshi draws strength from your injuries!
The jiangshi claws you.
* * * LOW HITPOINT WARNING * * *
The jiangshi draws strength from your injuries!
You block the jiangshi's attack. x3; The jiangshi closely misses you.
The vampire mage points at you and mumbles some strange words.
The bolt of negative energy hits the lich.
The lich completely resists.
The bolt of negative energy hits you!!
You feel drained.
* * * LOW HITPOINT WARNING * * *
The phantasmal warrior gestures at you.
The phantasmal warrior blinks!
Unknown command.
Unknown command.
Unknown command.
You feel much better. You block the jiangshi's attack.
The jiangshi completely misses you.
The death knight hits you with a +4 heavy broad axe!!
* * * LOW HITPOINT WARNING * * *
You block the jiangshi's attack. The jiangshi claws you!
* * * LOW HITPOINT WARNING * * *
The jiangshi draws strength from your injuries!
The jiangshi claws you.
* * * LOW HITPOINT WARNING * * *
The jiangshi draws strength from your injuries!
The jiangshi barely misses you. The lich misses you.
The eidolon gestures.
The eidolon radiates an aura of fear!
You resist with almost no effort. The flayed ghost hits you!
You die...

....# #...........#.....##
!...###...........#.......
,
........................##
.......#..........#.......
* ,
...Z...#.....Z............
*
...L#..Z.##..Z#...........
,
....##.#.....ZWV..........,
######.#####nW.VVZ....####
* ... .....VL@V..### ,
#.......##WVpW..# *
#.$.....*#.VVW..##### *
#......, ##.......... * ,*
######* #....###### *
##.#..# #..<..# #.....#
#.....#


You could see a death knight, a lich (fast), an eidolon, 6 jiangshi, a flayed
ghost, 2 vampire magi, a phantasmal warrior, 2 wraiths, a necrophage, an ettin
simulacrum, a shock serpent zombie, a rat skeleton and a golden dragon skeleton.

Vanquished Creatures
  A dread lich (Vaults:5)
  An ancient lich (Vaults:5)
  Boris (Vaults:5)
  2 tentacled monstrosities
  Rupert (Lair:5)
  Mlioglotl (Shoals:4)
  3 deep elf blademasters
  A lich (Vaults:3)
  3 titans (Vaults:5)
  A kraken (Shoals:1)
  A quicksilver dragon (Vaults:5)
  2 deep elf master archers (Elf:3)
  21 acid blobs
  4 tentacled starspawn
  An ancient champion (Vaults:2)
  Gastronok (Lair:1)
  A sphinx (Vaults:5)
  Agnes (Snake:4)
  2 storm dragons
  2 shadow dragons (Vaults:5)
  6 tengu reavers
  Ilsuiw (Shoals:2)
  Donald (Shoals:1)
  11 rockslimes
  An azure jelly (shapeshifter) (Vaults:5)
  16 azure jellies
  2 nagarajas (Snake:4)
  2 frost giants
  12 deep elf sorcerers
  3 fire giants
  16 vault wardens
  3 deep elf elementalists (Elf:3)
  2 ghouls (Crypt:1)
  16 ironbound preservers
  12 quicksilver oozes
  A curse skull (Crypt:2)
  2 orc warlords
  2 war gargoyles
  11 ironbound thunderhulks
  3 very ugly things
  2 vampire knights (Vaults:2)
  A juggernaut skeleton (Abyss:2)
  4 stone giants
  10 deep elf demonologists
  8 deep elf annihilators (Elf:3)
  6 dire elephants
  8 nameless horrors
  4 eidola
  A merfolk javelineer (Shoals:2)
  2 blizzard demons (IceCv)
  11 merfolk impalers
  A crystal guardian (Vaults:3)
  5 deep elf death magi
  13 yaktaur captains
  10 ettins
  2 fire dragons (Lair:5)
  9 great orbs of eyes
  3 deep elf high priests
  7 hydras
  29 vault guards
  A peacekeeper (Vaults:3)
  3 salamander tyrants (Snake:4)
  8 ironbound frosthearts
  An ogre mage (Vaults:3)
  A caustic shrike simulacrum (IceCv)
  A catoblepas (D:13)
  7 boulder beetles
  8 centaur warriors
  2 merfolk avatars
  11 anacondas
  4 merfolk aquamancers
  28 dancing weapons
  An alligator (Snake:1)
  3 alligator snapping turtles
  6 satyrs
  A vampire mage (Vaults:2)
  4 two-headed ogres
  14 naga warriors
  7 tengu warriors (D:14)
  2 thrashing horrors (Abyss:2)
  A deep troll earth mage (Vaults:5)
  An orc high priest (Elf:3)
  10 naga sharpshooters
  18 shock serpents
  17 deep elf knights
  5 skysharks
  7 salamander mystics
  3 goliath frogs (Snake:1)
  11 sea snakes
  9 naga ritualists
  32 deep trolls
  7 spriggan simulacra (IceCv)
  A glowing orange brain (shapeshifter) (D:13)
  2 glowing orange brains
  A bog body (IceCv)
  3 skeletal warriors (Crypt:2)
  10 wizards
  6 deep elf archers
  A flayed ghost (Vaults:5)
  A swamp dragon (Lair:5)
  An obsidian statue (IceCv)
  A wolf spider zombie (D:12)
  10 lindwurms
  22 ironbound convokers
  A harpy (shapeshifter) (D:14)
  A phantasmal warrior (Vaults:5)
  An iron giant skeleton (Crypt:1)
  2 orc sorcerers
  29 deep elf zephyrmancers
  13 harpies
  34 deep elf pyromancers
  2 oklob plants
  A wolf spider (D:13)
  4 orc knights
  17 ugly things
  8 shining eyes
  13 mana vipers
  16 salamanders
  17 manticores
  6 fauns (Shoals:3)
  6 cyclopes
  A salamander (shapeshifter) (D:15)
  5 elephants
  A goliath frog skeleton (Crypt:1)
  5 toenail golems (Volcano)
  Maurice (D:13)
  11 guardian serpents
  3 centaur zombies (D:12)
  21 vault sentinels
  14 merfolk sirens
  24 naga magi
  52 black mambas
  4 water nymphs
  2 eyes of devastation
  85 slime creatures
  5 cane toads
  6 torpor snails
  An unseen horror (D:11)
  Maggie (D:6)
  A gargoyle (D:11)
  4 kobold demonologists
  3 freezing wraiths
  An efreet (D:14)
  3 rime drakes
  2 anaconda simulacra (IceCv)
  4 ice devils (IceCv)
  2 tengu conjurers
  8 komodo dragons
  An unseen horror skeleton (Crypt:1)
  20 yaktaurs
  A golden dragon simulacrum (IceCv)
  6 meliai (D:14)
  A polar bear (Lair:2)
  A harpy zombie (Crypt:2)
  3 trolls
  Grinder (D:5)
  33 merfolk
  4 tyrant leeches (Lair:5)
  6 wind drakes
  7 hornets
  A tarantella (shapeshifter) (Abyss:2)
  4 dream sheep (Shoals:2)
  A harpy skeleton (Crypt:2)
  17 snapping turtles
  A raiju (Abyss:2)
  14 blink frogs
  A culicivora (shapeshifter) (Elf:2)
  4 shadows
  2 air elementals
  4 wyverns (D:9)
  14 water elementals
  3 vampires (D:12)
  4 dire elephant simulacra (IceCv)
  10 basilisks
  3 wraiths
  2 vampire mosquitoes (D:9)
  A fire elemental (Elf:2)
  11 golden eyes
  15 yaks
  7 minotaur simulacra (IceCv)
  3 fire bats (Orc:1)
  3 steam dragons
  6 harpy simulacra (IceCv)
  4 wargs
  6 acid dragons
  9 water moccasins
  Edmund (D:5)
  50 nagas
  Duvessa (D:6)
  A floating eye (shapeshifter) (Vaults:3)
  A swamp drake (shapeshifter) (Vaults:2)
  2 black bears
  3 swamp drakes (Lair:5)
  33 orc warriors
  2 sky beasts (D:7)
  3 alligator simulacra (IceCv)
  A large abomination (Abyss:3)
  An ice beast (D:6)
  An ettin simulacrum (IceCv)
  A boggart (D:13)
  8 ogres
  27 centaurs
  A phantom (D:5)
  18 wolves
  A kobold brigand (D:8)
  A rime drake skeleton (Crypt:1)
  7 bullfrogs
  A cyclops zombie (Crypt:1)
  An earth elemental (Abyss:2)
  2 scorpions
  A small abomination (Abyss:2)
  3 necrophages (Crypt:1)
  4 gnoll sergeants
  7 deep troll simulacra (IceCv)
  A water moccasin zombie (Crypt:1)
  Dowan (D:6)
  16 wights
  A lindwurm simulacrum (IceCv)
  A polar bear zombie (Crypt:2)
  14 killer bees
  A polar bear skeleton (Crypt:2)
  3 howler monkeys (D:13)
  3 electric eels
  4 crimson imps (D:10)
  A lava snake (D:10)
  A quasit (Abyss:3)
  7 orc priests
  5 jellies
  5 starcursed masses (Abyss:2)
  Terence (D:2)
  Crazy Yiuf (D:3)
  2 sleepcaps
  10 iguanas
  8 orc wizards
  6 hell rats
  23 gnolls
  9 adders
  2 river rats (Sewer)
  2 shadow imps
  A steam dragon skeleton (Crypt:1)
  A white imp (D:7)
  An ufetubus (D:5)
  A worm (D:5)
  2 dart slugs
  48 orcs
  5 endoplasms
  3 giant cockroaches
  9 hobgoblins
  4 jackals
  12 kobolds
  9 quokkas
  8 ball pythons
  7 bats
  3 frilled lizards
  8 goblins
  A jackal skeleton (Crypt:1)
  6 rats
  A butterfly (Lair:3)
  A starspawn tentacle (Abyss:2)
1720 creatures vanquished.

Vanquished Creatures (collateral kills)
  the Royal Jelly (Slime:5)
  A golden dragon (Vaults:5)
  2 tentacled monstrosities (Vaults:5)
  A quicksilver dragon (Vaults:3)
  2 titans (Vaults:5)
  An ancient champion (Crypt:2)
  2 sphinxes (Vaults:5)
  A kraken (Shoals:3)
  An acid blob (Slime:4)
  A shadow dragon (Vaults:5)
  3 storm dragons (Vaults:5)
  2 tengu reavers (Vaults:5)
  2 vault wardens
  A frost giant (Vaults:5)
  3 ghouls (Crypt:1)
  4 ironbound preservers
  A very ugly thing (Vaults:2)
  An ironbound thunderhulk (Vaults:1)
  2 stone giants (Vaults:5)
  An eleionoma (shapeshifter) (Vaults:5)
  3 dire elephants
  An eidolon (Crypt:2)
  3 yaktaur captains
  3 ogre magi (Vaults:5)
  4 vault guards
  A deep troll earth mage (Vaults:5)
  A wizard (Vaults:1)
  9 deep trolls
  2 phantasmal warriors (Vaults:5)
  A bog body (Crypt:1)
  A shining eye (Slime:5)
  A vault sentinel (Vaults:5)
  A yellow draconian zombie (Crypt:1)
  A freezing wraith (Vaults:5)
  A blink frog (shapeshifter) (Vaults:5)
  15 slime creatures
  4 golden eyes (Slime:1)
  A two-headed ogre skeleton (Crypt:2)
  2 orc warriors (Orc:2)
  A centaur (Orc:2)
  2 gnolls (D:4)
  4 orcs
  A kobold (D:4)
  A kobold skeleton (Crypt:1)
  A river rat skeleton (Crypt:2)
  A pillar of salt (Crypt:2)
  A tentacle (Shoals:1)
100 creatures vanquished.

Vanquished Creatures (others)
  A deep elf zephyrmancer (Elf:2)
  3 deep elf pyromancers
  A salamander (Snake:4)
  A manticore (D:13)
  2 komodo dragons
  A steam dragon (Lair:5)
  A naga (Snake:4)
  2 orc warriors
  An orc priest (Orc:2)
  2 orcs
  20 fungi
  3 pillars of salt
  146 plants
  7 starspawn tentacles
  30 tentacles
221 creatures vanquished.

Grand Total: 2041 creatures vanquished

Notes
Turn   | Place    | Note
-------+----------+-------------------------------------------
     0 | D:1      | M4edhros the Octopode Chaos Knight began the quest for the
                  | Orb.
     0 | D:1      | Reached XP level 1. HP: 16/16 MP: 1/1
    16 | D:2      | Reached XP level 2. HP: 21/21 MP: 2/2
    22 | D:2      | XOM: potion effect (might)
    23 | D:2      | XOM: silly message
    58 | D:2      | Found a blossoming altar of Fedhas.
    64 | D:2      | Reached XP level 3. HP: 26/26 MP: 3/3
   201 | D:3      | XOM: divination: detect items
   215 | D:4      | Found a shimmering blue altar of Sif Muna.
   216 | D:4      | Noticed a black bear
   221 | D:4      | XOM: divination: detect creatures
   223 | D:4      | Killed a black bear
   224 | D:4      | Reached skill level 5 in Maces & Flails
   224 | D:4      | Reached XP level 4. HP: 17/31 MP: 4/4
   224 | D:4      | Reached XP level 5. HP: 20/36 MP: 5/5
   283 | D:4      | XOM: silly message
   658 | D:2      | XOM: cloud trail
   833 | D:2      | XOM: god gift: 7 stones
  1476 | D:2      | Noticed Terence
  1476 | D:2      | XOM: 2-stop teleportation journey
  1496 | D:2      | Killed Terence
  1742 | D:2      | XOM: summons 2 hostile shadow creatures
  1817 | D:2      | XOM: noise
  1848 | D:2      | XOM: give mutations
  1848 | D:2      | Gained mutation: You sometimes lose your temper in combat.
                  | [Xom's mischief]
  1848 | D:2      | Gained mutation: You are resistant to electric shocks.
                  | (rElec) [Xom's mischief]
  1848 | D:2      | Gained mutation: Your flesh is cold resistant. (rC+) [Xom's
                  | mischief]
  2380 | D:1      | XOM: summons 3 hostile demons
  3012 | D:1      | XOM is BORED!
  3012 | D:1      | XOM: noise
  3055 | D:1      | XOM: silly message
  3218 | D:1      | XOM: noise
  3242 | D:1      | XOM: stat loss: -1 Int (13/14)
  3791 | D:1      | XOM: give mutations
  3791 | D:1      | Lost mutation: You are resistant to electric shocks.
                  | (rElec) [Xom's mischief]
  3791 | D:1      | Gained mutation: Your body sometimes deteriorates upon
                  | taking damage. [Xom's mischief]
  3791 | D:1      | Lost mutation: You sometimes lose your temper in combat.
                  | [Xom's mischief]
  4531 | D:1      | XOM: stat loss: -1 Str (11/12)
  4985 | D:1      | XOM is BORED!
  5167 | D:1      | XOM: god gift: 47 gold pieces
  6607 | D:1      | XOM: noise
  7933 | D:1      | XOM is BORED!
  9397 | D:1      | XOM: give mutations
  9397 | D:1      | Gained mutation: Your natural rate of healing is unusually
                  | fast. [Xom's grace]
  9397 | D:1      | Gained mutation: One of your tentacles bears a spike.
                  | [Xom's grace]
  9397 | D:1      | Gained mutation: You are partially covered in iridescent
                  | scales. (AC +2) [Xom's grace]
  9418 | D:1      | XOM: cloud trail
  9652 | D:1      | XOM: divination: detect creatures
  9738 | D:1      | XOM: give mutations
  9738 | D:1      | Lost mutation: Your flesh is cold resistant. (rC+) [Xom's
                  | mischief]
  9738 | D:1      | Gained mutation: You have hidden genetic potential. [Xom's
                  | mischief]
  9886 | D:1      | Identified the staff of death "Xuodast" {rElec rF+ rN+
                  | Int-4 Stlth+} (Xom gifted it to you on level 1 of the
                  | Dungeon)
  9886 | D:1      | XOM: god gift: staff of death "Xuodast" {rElec rF+ rN+
                  | Int-4 Stlth+}
 10342 | D:1      | XOM: draining
 10347 | D:1      | XOM: god gift: 45 gold pieces
 10742 | D:1      | XOM: noise
 11071 | D:1      | XOM: give mutations
 11071 | D:1      | Gained mutation: You are robust. (+10% HP) [Xom's mischief]
 11071 | D:1      | Lost mutation: You are partially covered in iridescent
                  | scales. (AC +2) [Xom's mischief]
 11505 | D:1      | XOM: summons 3 hostile demons
 13139 | D:1      | XOM: summons 4 hostile shadow creatures
 13507 | D:1      | XOM: summons 1 hostile demon
 13764 | D:1      | XOM is BORED!
 14113 | D:1      | XOM: give mutations
 14113 | D:1      | Gained mutation: You are occasionally teleported next to
                  | monsters. [Xom's mischief]
 14113 | D:1      | Gained mutation: You occasionally lose the ability to read
                  | scrolls when taking damage. [Xom's mischief]
 14113 | D:1      | Lost mutation: You are occasionally teleported next to
                  | monsters. [Xom's mischief]
 15672 | D:1      | XOM: silly message
 15780 | D:1      | XOM: silly message
 15967 | D:1      | XOM: noise
 16278 | D:1      | XOM: divination: magic mapping
 16446 | D:1      | XOM: cloud trail
 16655 | D:1      | XOM: god gift: pair of embroidered boots {god gift}
 16696 | D:1      | XOM: scenery: 2 doors open, 2 doors close
 17601 | D:1      | XOM: god gift: +4 dire flail of holy wrath
 18012 | D:1      | XOM is BORED!
 18012 | D:1      | XOM: give mutations
 18012 | D:1      | Gained mutation: One of your tentacles bears a nasty spike.
                  | [Xom's mischief]
 18012 | D:1      | Gained mutation: You occasionally shout uncontrollably at
                  | your foes. [Xom's mischief]
 18012 | D:1      | Lost mutation: You have hidden genetic potential. [Xom's
                  | mischief]
 18012 | D:1      | Gained mutation: Your mind is acute. (Int +4, Str/Dex -1)
                  | [Xom's mischief]
 18370 | D:1      | XOM: stat loss: -1 Str (9/11)
 18511 | D:1      | XOM: give mutations
 18511 | D:1      | Lost mutation: You are robust. (+10% HP) [Xom's mischief]
 18511 | D:1      | Gained mutation: Your muscles are strong. (Str +4, Int/Dex
                  | -1) [Xom's mischief]
 19351 | D:1      | XOM: stat loss: -1 Dex (10/11)
 19708 | D:1      | XOM: torment (16/30 hp)
 20427 | D:1      | XOM: noise
 20934 | D:1      | XOM: divination: magic mapping
 21211 | D:1      | XOM: god gift: +6 war axe of chaos
 21403 | D:1      | XOM: silly message
 21470 | D:1      | XOM: scenery: 2 doors open, 2 doors close
 22037 | D:1      | XOM: give mutations
 22037 | D:1      | Lost mutation: You occasionally shout uncontrollably at
                  | your foes. [Xom's mischief]
 22037 | D:1      | Lost mutation: Your mind is acute. (Int +4, Str/Dex -1)
                  | [Xom's mischief]
 22037 | D:1      | Gained mutation: You occasionally lose the ability to drink
                  | potions when taking damage. [Xom's mischief]
 22037 | D:1      | Gained mutation: You are dopey. (Int -2) [Xom's mischief]
 22145 | D:1      | XOM: 4-stop teleportation journey
 22916 | D:1      | XOM is BORED!
 22916 | D:1      | XOM: stat loss: -3 Dex (8/12)
 22981 | D:1      | Glimpsed the power of Zot.
 23144 | D:3      | Found a runed translucent door.
 23145 | D:3      | Noticed Crazy Yiuf
 23476 | D:3      | Glimpsed the power of Zot.
 23692 | D:3      | Killed Crazy Yiuf
 23693 | D:3      | Reached XP level 6. HP: 26/39 MP: 6/6
 23801 | D:4      | Found a hide-covered altar of Uskayaw.
 23841 | D:4      | Found a white marble altar of Elyvilon.
 23845 | D:4      | XOM: summons 2 friendly demons
 23871 | D:4      | Glimpsed the power of Zot.
 23971 | D:4      | Touched by the power of Zot.
 23972 | D:4      | Glimpsed the power of Zot.
 24029 | D:4      | Reached XP level 7. HP: 37/37 MP: 7/7
 24032 | D:4      | XOM: smoke on damage
 24230 | D:5      | Entered Level 5 of the Dungeon
 24284 | D:5      | Noticed Edmund
 24288 | D:5      | Noticed Grinder
 24291 | D:5      | Killed Edmund
 24299 | D:5      | XOM: cleaving
 24309 | D:5      | Killed Grinder
 24310 | D:5      | Reached XP level 8. HP: 14/43 MP: 8/8
 24597 | D:5      | XOM: cleaving
 24800 | D:5      | Reached skill level 10 in Maces & Flails
 24862 | D:5      | Found a glowing drain.
 24872 | Sewer    | Entered a sewer
 25011 | D:5      | Found a staircase to the Ecumenical Temple.
 25174 | D:6      | Noticed Dowan
 25176 | D:6      | Noticed Duvessa
 25597 | D:4      | XOM: scenery: create altars
 25670 | D:4      | XOM: god gift: 9 stones
 26013 | D:4      | XOM is BORED!
 26333 | D:4      | XOM: noise
 26647 | D:4      | XOM: give mutations
 26647 | D:4      | Gained mutation: You have an increased reservoir of magic.
                  | (+10% MP) [Xom's grace]
 26647 | D:4      | Gained mutation: You have hidden genetic potential. [Xom's
                  | grace]
 26647 | D:4      | Gained mutation: You are covered in fur. (AC +1) [Xom's
                  | grace]
 27377 | D:4      | XOM: give mutations
 27377 | D:4      | Lost mutation: You have an increased reservoir of magic.
                  | (+10% MP) [Xom's mischief]
 27377 | D:4      | Lost mutation: One of your tentacles bears a nasty spike.
                  | [Xom's mischief]
 27377 | D:4      | Lost mutation: You occasionally lose the ability to drink
                  | potions when taking damage. [Xom's mischief]
 27377 | D:4      | Gained mutation: You have great hidden genetic potential.
                  | [Xom's mischief]
 27503 | D:4      | Identified the +2 buckler of the Volcano {Int+2 Dex+2} (Xom
                  | gifted it to you on level 4 of the Dungeon)
 27503 | D:4      | XOM: god gift: +2 buckler of the Volcano {Int+2 Dex+2}
 27722 | D:4      | XOM is BORED!
 27722 | D:4      | XOM: summons 5 hostile demons
 27937 | D:4      | XOM: cloud trail
 28678 | D:4      | XOM: divination: detect items
 28827 | D:4      | XOM: give mutation
 28827 | D:4      | Gained mutation: You are covered in thick fur. (AC +2)
                  | [Xom's grace]
 29388 | D:4      | XOM: give mutation
 29388 | D:4      | Gained mutation: Your muscles are very strong. (Str +8,
                  | Int/Dex -2) [Xom's grace]
 29498 | D:4      | XOM: god gift: wand of iceblast (5)
 29866 | D:4      | XOM: noise
 32977 | D:4      | XOM: give mutation
 32977 | D:4      | Gained mutation: You are partially covered in iridescent
                  | scales. (AC +2) [Xom's grace]
 33175 | D:4      | XOM: give mutations
 33175 | D:4      | Gained mutation: A frigid envelope surrounds you and
                  | freezes all who hurt you. [Xom's grace]
 33175 | D:4      | Gained mutation: You have an increased reservoir of magic.
                  | (+10% MP) [Xom's grace]
 33175 | D:4      | Gained mutation: You expend magic power (3 MP) to
                  | strengthen your wands. [Xom's grace]
 33175 | D:4      | Gained mutation: You are robust. (+10% HP) [Xom's grace]
 34582 | D:4      | XOM: divination: detect creatures
 34636 | D:4      | XOM: god gift: 5 atropa-tipped darts
 34668 | D:4      | XOM is BORED!
 34668 | D:4      | XOM: stat loss: -1 Str (16/20)
 34674 | D:4      | XOM: give mutations
 34674 | D:4      | Gained mutation: You are strong-willed. (Will+) [Xom's
                  | grace]
 34674 | D:4      | Gained mutation: You have a pair of small antennae on your
                  | head. [Xom's grace]
 34674 | D:4      | Gained mutation: Your flesh is heat resistant. (rF+) [Xom's
                  | grace]
 34674 | D:4      | Gained mutation: You have very sharp teeth. [Xom's grace]
 34683 | D:4      | XOM: 6-stop teleportation journey
 35089 | D:4      | XOM: give mutations
 35089 | D:4      | Gained mutation: Your flesh is cold resistant. (rC+) [Xom's
                  | grace]
 35089 | D:4      | Gained mutation: You passively map a small area around you.
                  | [Xom's grace]
 35101 | D:4      | XOM: cloud trail
 35288 | D:4      | XOM: give mutations
 35288 | D:4      | Lost mutation: Your body sometimes deteriorates upon taking
                  | damage. [Xom's mischief]
 35288 | D:4      | Lost mutation: Your natural rate of healing is unusually
                  | fast. [Xom's mischief]
 35288 | D:4      | Lost mutation: You have an increased reservoir of magic.
                  | (+10% MP) [Xom's mischief]
 35288 | D:4      | Lost mutation: A frigid envelope surrounds you and freezes
                  | all who hurt you. [Xom's mischief]
 35575 | D:4      | XOM: give mutation
 35575 | D:4      | Lost mutation: You have a pair of small antennae on your
                  | head. [Xom's mischief]
 35781 | D:4      | XOM: god gift: 4 stones
 36052 | D:4      | Glimpsed the power of Zot.
 36209 | D:6      | Reached skill level 1 in Shields
 36227 | D:6      | Reached skill level 1 in Stealth
 36275 | D:6      | XOM: 2-stop teleportation journey
 36309 | D:6      | Found a sacrificial altar of Ru.
 36437 | D:6      | Noticed Maggie
 36451 | D:6      | Killed Maggie
 36452 | D:6      | Reached XP level 9. HP: 43/52 MP: 9/9
 36527 | D:6      | XOM: potion effect (invisibility)
 36538 | D:6      | Killed Dowan
 36544 | D:6      | Killed Duvessa
 36548 | D:6      | Gained mutation: You are resistant to electric shocks.
                  | (rElec) [hidden potential]
 36550 | D:6      | Glimpsed the power of Zot.
 36946 | D:6      | XOM: cast spell 'Summon Mana Viper'
 37027 | D:7      | XOM: noise
 37057 | D:7      | XOM: cast spell 'Metabolic Englaciation'
 37162 | D:7      | XOM: 3-stop teleportation journey
 37170 | D:7      | Reached skill level 5 in Shields
 37217 | D:7      | XOM: cloud trail
 37343 | D:7      | Reached skill level 5 in Stealth
 37344 | D:7      | XOM: divination: detect items
 37492 | D:7      | XOM: potion effect (might)
 37494 | D:7      | Reached XP level 10. HP: 61/61 MP: 10/10
 37499 | D:7      | Found an opulent altar of Gozag.
 37867 | D:8      | XOM: silly message
 37904 | D:8      | XOM: potion effect (haste)
 37906 | D:8      | XOM: potion effect (berserk rage)
 37909 | D:8      | Reached skill level 5 in Fighting
 37932 | D:8      | Gained mutation: You are mostly covered in iridescent
                  | scales. (AC +4) [hidden potential]
 37932 | D:8      | Lost mutation: You have great hidden genetic potential.
                  | [hidden potential expressed]
 37968 | D:8      | XOM: silly message
 38250 | D:8      | Found Atecev's General Store.
 38528 | D:9      | XOM: stealth player
 40353 | D:7      | XOM: noise
 40781 | D:7      | XOM: god gift: 2 atropa-tipped darts
 40964 | D:7      | XOM: silly message
 41178 | D:7      | XOM: silly message
 41261 | D:7      | XOM: silly message
 41954 | D:7      | XOM: give mutations
 41954 | D:7      | Lost mutation: You have hidden genetic potential. [Xom's
                  | mischief]
 41954 | D:7      | Lost mutation: You expend magic power (3 MP) to strengthen
                  | your wands. [Xom's mischief]
 41971 | D:7      | XOM is BORED!
 41971 | D:7      | XOM: give mutations
 41971 | D:7      | Lost mutation: You are robust. (+10% HP) [Xom's mischief]
 41971 | D:7      | Lost mutation: You occasionally lose the ability to read
                  | scrolls when taking damage. [Xom's mischief]
 42819 | D:7      | XOM: silly message
 43280 | D:7      | XOM: give mutations
 43280 | D:7      | Lost mutation: You are dopey. (Int -2) [Xom's mischief]
 43280 | D:7      | Lost mutation: You are resistant to electric shocks.
                  | (rElec) [Xom's mischief]
 43280 | D:7      | Lost mutation: You are covered in thick fur. (AC +2) [Xom's
                  | mischief]
 43421 | D:7      | XOM: give mutations
 43421 | D:7      | Gained mutation: You are completely covered in iridescent
                  | scales. (AC +6) [Xom's grace]
 43421 | D:7      | Gained mutation: Your system is resistant to poisons.
                  | (rPois) [Xom's grace]
 43421 | D:7      | Gained mutation: One of your tentacles bears a nasty spike.
                  | [Xom's grace]
 43421 | D:7      | Gained mutation: Your flesh is very cold resistant. (rC++)
                  | [Xom's grace]
 43794 | Temple   | Entered the Ecumenical Temple
 43836 | Temple   | Fell from the grace of Xom
 43836 | Temple   | Became a worshipper of Zin the Law-Giver
 43836 | Temple   | Reached * piety under Zin
 43836 | Temple   | Reached ** piety under Zin
 43837 | Temple   | Donated 293 gold pieces to Zin
 44115 | D:9      | Noticed a two-headed ogre
 44121 | D:9      | Reached skill level 5 in Dodging
 44123 | D:9      | Killed a two-headed ogre
 44154 | D:9      | Noticed a kobold demonologist
 44154 | D:9      | Identified the +1 dagger of Zin's Displeasure {venom, rElec
                  | rC- rN+ Dex+4}
 44338 | D:9      | Reached *** piety under Zin
 44363 | D:9      | Reached **** piety under Zin
 44524 | D:9      | Noticed a deep elf pyromancer
 44530 | D:9      | Killed a deep elf pyromancer
 44531 | D:9      | Reached XP level 11. HP: 63/63 MP: 11/11
 44540 | D:9      | XOM: silly message
 44713 | D:9      | XOM: silly message
 44724 | D:9      | Noticed a brown ugly thing
 44735 | D:9      | Killed a brown ugly thing
 45091 | D:10     | Entered Level 10 of the Dungeon
 45116 | D:10     | Found a shadowy altar of Dithmenos.
 45161 | D:10     | XOM: noise
 45247 | D:10     | Reached skill level 1 in Evocations
 45254 | D:10     | Reached skill level 1 in Invocations
 45448 | D:10     | Found a stormy altar of Qazlal.
 45463 | D:10     | XOM: cloud trail
 45498 | D:10     | Noticed a cyclops
 45507 | D:10     | Killed a cyclops
 45508 | D:10     | Reached skill level 2 in Invocations
 45511 | D:10     | Noticed a two-headed ogre
 45519 | D:10     | Killed a two-headed ogre
 45525 | D:10     | Noticed a two-headed ogre
 45530 | D:10     | Killed a two-headed ogre
 45531 | D:10     | Reached skill level 3 in Invocations
 45531 | D:10     | Noticed a cyclops
 45547 | D:10     | Killed a cyclops
 45548 | D:10     | Noticed a cyclops
 45567 | D:10     | Noticed a two-headed ogre
 45568 | D:10     | Killed a cyclops
 45573 | D:10     | Killed a two-headed ogre
 45716 | D:10     | Noticed a cyclops
 45727 | D:10     | Killed a cyclops
 45728 | D:10     | Reached skill level 4 in Invocations
 45900 | D:10     | Found a shimmering altar of Xom.
 45919 | D:10     | Noticed an oklob plant
 45922 | D:10     | Found a staircase to the Lair.
 45930 | D:10     | Killed an oklob plant
 45931 | D:10     | Reached XP level 12. HP: 56/72 MP: 15/15
 46018 | D:10     | Found Magomah's Magic Scroll Shoppe.
 46033 | D:10     | Donated 241 gold pieces to Zin
 46184 | D:10     | Found a radiant altar of Vehumet.
 46197 | D:10     | Reached ***** piety under Zin
 46317 | D:11     | XOM: noise
 46433 | D:11     | Reached skill level 5 in Evocations
 46451 | D:11     | XOM: 2-stop teleportation journey
 46495 | D:11     | Reached skill level 5 in Invocations
 46655 | D:11     | XOM: give mutations
 46971 | D:12     | XOM: noise
 47097 | D:12     | Reached ****** piety under Zin
 47513 | D:12     | Noticed a boulder beetle
 47519 | D:12     | Upgraded the game from 0.30-a0-928-g7f6bbad527 to
                  | 0.30-a0-936-ge0d47acfc0
 47549 | D:12     | Killed a boulder beetle
 47550 | D:12     | Reached skill level 6 in Invocations
 47650 | D:12     | XOM: scenery: summon butterflies
 47721 | D:12     | XOM: summons 11 hostile demons
 47943 | D:12     | Found Epsicwa's General Store.
 48089 | D:12     | Found a staircase to the Orcish Mines.
 48188 | Orc:1    | Entered Level 1 of the Orcish Mines
 48208 | Orc:1    | Noticed an ettin
 48216 | Orc:1    | Killed an ettin
 48320 | Orc:1    | XOM: scenery: create altars
 48325 | Orc:1    | Found a dark tunnel.
 48328 | Orc:1    | Reached skill level 7 in Invocations
 48339 | Volcano  | Entered a volcano
 48517 | Volcano  | Reached XP level 13. HP: 9/77 MP: 18/18
 48764 | Volcano  | XOM: give mutations
 48912 | Volcano  | Reached skill level 8 in Invocations
 49141 | Orc:2    | Entered Level 2 of the Orcish Mines
 49640 | Orc:2    | Reached skill level 10 in Shields
 49919 | Orc:1    | XOM: summons 3 hostile demons
 50064 | Orc:2    | Found Anunah's Antique Weapon Boutique.
 50064 | Orc:2    | Found Ovivu's Assorted Antiques.
 50064 | Orc:2    | Found Fijode's Armour Emporium.
 50067 | Orc:2    | Found Raneegh's General Store.
 50079 | Orc:2    | Bought a +5 ring of evasion for 504 gold pieces
 50079 | Orc:2    | Bought a scroll of enchant armour for 105 gold pieces
 50187 | Orc:2    | Found a staircase to the Elven Halls.
 50280 | Orc:2    | XOM: scenery: create altars
 50287 | Orc:2    | Found Rinohe's Weapon Boutique.
 50371 | Orc:2    | XOM: summons 2 hostile demons
 50382 | Orc:1    | Noticed an orc warlord
 50389 | Orc:1    | Killed an orc warlord
 50604 | Orc:1    | Reached skill level 9 in Invocations
 51291 | D:13     | XOM: 2-stop teleportation journey
 51338 | D:13     | Reached XP level 14. HP: 40/83 MP: 21/21
 52186 | D:13     | Reached skill level 10 in Invocations
 52218 | D:13     | Noticed Maurice
 52289 | D:13     | XOM: confuse monster(s)
 52297 | D:13     | Killed Maurice
 53133 | D:14     | XOM: give mutation
 53422 | D:14     | Found a gate to the Vaults.
 54109 | D:14     | XOM: give mutation
 54456 | D:14     | Reached skill level 11 in Invocations
 54853 | D:15     | Entered Level 15 of the Dungeon
 55171 | D:15     | Found a staircase to the Depths.
 55171 | D:15     | Noticed a dire elephant
 55189 | D:15     | Killed a dire elephant
 55429 | D:15     | XOM: stat loss: -3 Str (17/20)
 55667 | Lair:1   | Entered Level 1 of the Lair of Beasts
 55704 | Lair:1   | Noticed Gastronok
 55705 | Lair:1   | XOM: summons 9 hostile demons
 55742 | Lair:1   | Killed Gastronok
 55743 | Lair:1   | Reached XP level 15. HP: 49/88 MP: 21/23
 55925 | Lair:1   | Reached skill level 10 in Dodging
 55937 | Lair:1   | Reached skill level 12 in Invocations
 56427 | Lair:1   | XOM: torment (45/88 hp)
 56792 | Lair:2   | Found a staircase to the Shoals.
 57506 | Lair:2   | XOM: noise
 57516 | Lair:2   | Was forgiven by Xom
 58067 | Lair:3   | Found a staircase to the Snake Pit.
 59332 | Lair:5   | Entered Level 5 of the Lair of Beasts
 59340 | Lair:5   | Found a staircase to the Slime Pits.
 59341 | Lair:5   | Found a viscous altar of Jiyva.
 59612 | Lair:5   | Found a runed translucent door.
 59653 | Lair:5   | Reached skill level 13 in Invocations
 59977 | Lair:5   | Noticed Rupert
 60001 | Lair:5   | Killed Rupert
 61105 | Elf:1    | Entered Level 1 of the Elven Halls
 61254 | Elf:1    | Paralysed by an air elemental for 1 turns
 61273 | Elf:1    | HP: 4/88 [deep elf zephyrmancer/bolt of lightning (31)]
 61277 | Elf:1    | Reached skill level 14 in Invocations
 61277 | Elf:1    | Reached XP level 16. HP: 31/94 MP: 26/26
 61699 | Elf:1    | Found Jietedun's Specific Store.
 61701 | Elf:1    | Found Ydidiz's General Store.
 61705 | Elf:1    | Bought a scroll of teleportation for 42 gold pieces
 61705 | Elf:1    | Bought a potion of berserk rage for 70 gold pieces
 62057 | Elf:1    | Got Sif Muna's Elucidation of the Mob
 62070 | Elf:1    | Learned a level 7 spell: Summon Hydra
 62199 | Elf:1    | HP: 3/96 [deep elf knight/shard of ice (29)]
 63071 | Elf:2    | Paralysed by an air elemental for 1 turns
 63735 | Abyss:2  | Cast into level 2 of the Abyss (a deep elf sorcerer)
 63853 | Abyss:2  | Reached skill level 15 in Shields
 63873 | Abyss:2  | Reached skill level 15 in Invocations
 63910 | Abyss:2  | Noticed a tentacled starspawn
 63912 | Abyss:2  | Noticed a tentacled starspawn
 63918 | Abyss:2  | Killed a tentacled starspawn
 64007 | Abyss:2  | Noticed a tentacled starspawn
 64011 | Abyss:2  | Noticed a tentacled starspawn
 64012 | Abyss:2  | Killed a tentacled starspawn
 64022 | Abyss:2  | Killed a tentacled starspawn
 64026 | Abyss:2  | Noticed a lich
 64027 | Elf:2    | Escaped the Abyss
 64671 | Elf:2    | Found a huge runed translucent gate.
 64671 | Elf:2    | Found a huge runed translucent gate.
 64671 | Elf:2    | Found a huge runed translucent gate.
 64671 | Elf:2    | Found a huge runed translucent gate.
 64672 | Elf:2    | Found a huge runed translucent gate.
 64800 | Elf:2    | Reached XP level 17. HP: 104/105 MP: 28/28
 64977 | Elf:2    | Reached skill level 10 in Fighting
 65125 | Elf:2    | Noticed a deep elf blademaster
 65955 | Elf:2    | Killed a deep elf blademaster
 66201 | Elf:3    | Entered Level 3 of the Elven Halls
 66215 | Elf:3    | Reached skill level 16 in Invocations
 66704 | Elf:3    | Noticed a Tzitzimitl
 66707 | Elf:3    | Noticed a Brimstone Fiend
 66720 | Elf:2    | Donated 924 gold pieces to Zin
 67229 | Snake:1  | Entered Level 1 of the Snake Pit
 67689 | Snake:1  | Reached skill level 1 in Summonings
 68979 | Snake:1  | Donated 512 gold pieces to Zin
 70086 | Snake:1  | Reached XP level 18. HP: 83/117 MP: 30/30
 70310 | Snake:2  | Reached skill level 17 in Invocations
 70588 | Snake:2  | Donated 290 gold pieces to Zin
 71140 | Snake:2  | Reached skill level 5 in Summonings
 72547 | Snake:3  | Found Apo Ytzo's General Store.
 72682 | Snake:3  | Found Xomulegg's Weapon Boutique.
 73490 | Snake:4  | Entered Level 4 of the Snake Pit
 73697 | Snake:4  | Found a frozen archway.
 73701 | IceCv    | Entered an ice cave
 73973 | IceCv    | Found the +4 skin of Zhor {*Englaciate rC+++ SInv}
 74985 | Snake:4  | Reached skill level 18 in Invocations
 75618 | Snake:4  | Noticed Agnes
 75631 | Snake:4  | Killed Agnes
 75632 | Snake:4  | Reached XP level 19. HP: 68/126 MP: 32/32
 78895 | Snake:4  | Got a serpentine rune of Zot
 79360 | Snake:3  | Bought a scroll of teleportation for 48 gold pieces
 79360 | Snake:3  | Bought a potion of curing for 48 gold pieces
 79360 | Snake:3  | Bought a scroll of butterflies for 64 gold pieces
 79501 | D:10     | Bought a scroll of butterflies for 52 gold pieces
 79558 | D:8      | Bought 2 potions of curing for 96 gold pieces
 79558 | D:8      | Bought a scroll of enchant armour for 120 gold pieces
 80172 | Abyss:3  | Cast into level 3 of the Abyss (a deep elf sorcerer)
 80184 | Abyss:3  | Found an ornate altar of the Wu Jian Council.
 80203 | Abyss:3  | Found an ornate altar of the Wu Jian Council.
 80203 | Abyss:3  | Found an ornate altar of the Wu Jian Council.
 80221 | Abyss:3  | Found a corrupted altar of Lugonu.
 80227 | Abyss:3  | Found a corrupted altar of Lugonu.
 80227 | Abyss:3  | Found a corrupted altar of Lugonu.
 80251 | Abyss:3  | Noticed a dread lich
 80254 | Abyss:3  | Noticed an Ice Fiend
 80266 | Abyss:3  | Paralysed by a dread lich for 5 turns
 80271 | Abyss:3  | HP: 4/125 [large abomination (28)]
 80383 | Abyss:4  | Noticed a bone dragon
 80384 | Elf:3    | Escaped the Abyss
 80408 | Elf:3    | Noticed a Tzitzimitl
 80680 | Elf:3    | Reached skill level 19 in Invocations
 80764 | Elf:3    | Identified the +6 battleaxe "Saskyg Inne" {flame, rC++
                  | Str+3}
 80886 | Elf:3    | Identified the ring "Hosaom" {+Blink Will+ SInv}
 81003 | Elf:3    | Found the +3 Elemental Staff {rElec rF++ rC++ AC+5}
 81310 | Shoals:1 | Entered Level 1 of the Shoals
 81321 | Shoals:1 | Reached skill level 1 in Spellcasting
 81513 | Shoals:1 | Noticed Donald
 81521 | Shoals:1 | Killed Donald
 81761 | Shoals:1 | Reached XP level 20. HP: 48/135 MP: 33/33
 81905 | Shoals:1 | Reached skill level 10 in Summonings
 82912 | Shoals:2 | Noticed Ilsuiw
 82950 | Shoals:2 | Killed Ilsuiw
 82951 | Shoals:2 | Reached skill level 15 in Fighting
 83171 | Shoals:3 | Identified the +3 glaive of Kismet {elec, rF+ Stlth+}
 84233 | Shoals:4 | Entered Level 4 of the Shoals
 84264 | Shoals:4 | Noticed Mlioglotl
 84373 | Shoals:4 | Reached skill level 5 in Spellcasting
 84379 | Shoals:4 | Reached skill level 20 in Invocations
 84432 | Shoals:4 | Got a barnacled rune of Zot
 84621 | Shoals:4 | Killed Mlioglotl
 85246 | Shoals:4 | Identified the staff of poison "Regin" {rPois Will+ Dex+3}
 85575 | Slime:1  | Entered Level 1 of the Pits of Slime
 85936 | Slime:3  | Reached XP level 21. HP: 142/142 MP: 35/35
 87415 | Slime:5  | Entered Level 5 of the Pits of Slime
 87460 | Slime:5  | Noticed the Royal Jelly
 87462 | Slime:5  | Found the amulet of the Air {Inacc Air Fly rElec RMsl}
 87978 | Slime:5  | Found a viscous altar of Jiyva.
 88508 | Slime:5  | Killed the Royal Jelly
 88801 | Slime:5  | Identified the +1 short sword of the Shifting Gods {flame,
                  | Int+3 Dex+2 Stlth+}
 88803 | Slime:5  | Identified the amulet of Lelef {Acrobat Will- Int+5}
 88859 | Slime:5  | Identified the staff of poison "Povuluw" {rPois rC+ Str-2
                  | Dex+8}
 88930 | Slime:5  | Identified the staff of poison "Qurorone" {rPois rF+ Will+}
 88931 | Slime:5  | Identified the +0 ring mail "Icweut" {-Tele rElec rF+
                  | Str+5}
 88933 | Slime:5  | Got a slimy rune of Zot
 89241 | Slime:1  | Reached skill level 10 in Spellcasting
 90063 | Vaults:1 | Entered Level 1 of the Vaults
 90116 | Vaults:1 | Identified the +8 battleaxe "Siduk" {heavy, rF+ Will+}
 90618 | Vaults:1 | Reached XP level 22. HP: 126/148 MP: 25/36
 91439 | Vaults:1 | Reached skill level 15 in Summonings
 91986 | Vaults:2 | Found a staircase to the Crypt.
 93791 | Vaults:3 | Found a huge runed gate.
 93791 | Vaults:3 | Found a huge runed gate.
 93791 | Vaults:3 | Found a huge runed gate.
 93791 | Vaults:3 | Found a huge runed gate.
 93791 | Vaults:3 | Found a huge runed gate.
 93791 | Vaults:3 | Found a huge runed gate.
 93792 | Vaults:3 | Found a huge runed gate.
 93792 | Vaults:3 | Found a huge runed gate.
 93792 | Vaults:3 | Found a huge runed gate.
 93792 | Vaults:3 | Found a huge runed gate.
 93792 | Vaults:3 | Found a huge runed gate.
 93802 | Vaults:3 | Found a huge runed gate.
 93803 | Vaults:3 | Found a huge runed gate.
 93804 | Vaults:3 | Found a huge runed gate.
 93812 | Vaults:3 | Found a huge runed gate.
 93812 | Vaults:3 | Found a huge runed gate.
 93812 | Vaults:3 | Found a huge runed gate.
 93812 | Vaults:3 | Found a huge runed gate.
 93812 | Vaults:3 | Found a huge runed gate.
 93812 | Vaults:3 | Found a huge runed gate.
 93813 | Vaults:3 | Found a huge runed gate.
 93814 | Vaults:3 | Found a huge runed gate.
 93815 | Vaults:3 | Found a huge runed gate.
 94075 | Vaults:3 | Found a huge runed gate.
 94076 | Vaults:3 | Found a huge runed gate.
 94077 | Vaults:3 | Found a huge runed gate.
 94078 | Vaults:3 | Found a huge runed gate.
 94079 | Vaults:3 | Found a huge runed gate.
 94087 | Vaults:3 | Found a huge runed gate.
 94087 | Vaults:3 | Found a huge runed gate.
 94087 | Vaults:3 | Found a huge runed gate.
 94087 | Vaults:3 | Found a huge runed gate.
 94087 | Vaults:3 | Found a huge runed gate.
 94087 | Vaults:3 | Found a huge runed gate.
 94088 | Vaults:3 | Found a huge runed gate.
 94089 | Vaults:3 | Found a huge runed gate.
 94245 | Vaults:3 | Found Kuczalor's Magic Scroll Shoppe.
 94288 | Vaults:3 | Bought a scroll of fog for 64 gold pieces
 94288 | Vaults:3 | Bought a scroll of immolation for 64 gold pieces
 94288 | Vaults:3 | Bought a scroll of fear for 64 gold pieces
 94288 | Vaults:3 | Bought a scroll of poison for 64 gold pieces
 94288 | Vaults:3 | Bought a scroll of magic mapping for 120 gold pieces
 94288 | Vaults:3 | Bought a scroll of poison for 64 gold pieces
 94325 | Vaults:3 | Reached XP level 23. HP: 153/153 MP: 40/40
 95841 | Vaults:5 | Entered Level 5 of the Vaults
 95841 | Vaults:5 | Found the +0 staff of Battle
 95844 | Vaults:5 | Noticed Boris
 96152 | Vaults:5 | Reached skill level 15 in Spellcasting
 96188 | Vaults:5 | Identified the +1 triple sword of Autumn {protect, rC+
                  | Will+}
 96234 | Vaults:5 | Noticed a golden dragon
 96249 | Vaults:5 | Killed a golden dragon
 96357 | Vaults:5 | Identified the +11 hand axe "Acarineslayer" {protect, Str-5
                  | Dex+3}
 96548 | Vaults:5 | Got a silver rune of Zot
 96555 | Vaults:5 | Got Sif Muna's Opusculum on Hapless Wildfire
 96579 | Vaults:5 | Noticed an ancient lich
 96579 | Vaults:5 | Noticed a dread lich
 96614 | Vaults:5 | Identified the +3 leather armour "Viphatai" {Fly rN+++
                  | Will++ Str-2}
 96819 | Vaults:5 | Killed an ancient lich
 96820 | Vaults:5 | Reached XP level 24. HP: 75/148 MP: 30/42
 96970 | Vaults:5 | Identified the +2 robe of Leapfrog {Stlth+}
 97063 | Vaults:5 | Got Sif Muna's Writings on the Ashen Volcano
 97324 | Vaults:5 | Upgraded the game from 0.30-a0-936-ge0d47acfc0 to
                  | 0.30-a0-950-gbf40cfac39
 97333 | Vaults:5 | Learned a level 8 spell: Discord
 97389 | Vaults:5 | Killed a dread lich
 97390 | Vaults:5 | Reached skill level 1 in Hexes
 97407 | Vaults:5 | Identified the ring of Kothiri {rCorr AC+4 Int+3}
 97945 | Vaults:5 | Killed Boris
 98274 | Vaults:5 | Identified the staff of fire "Vigusmom" {rF+ rC+ Will+++
                  | Str-3 Int+4}
 98334 | Vaults:5 | Identified the staff of fire "Qaemopni" {rF+ rC- Int+4
                  | Dex+8 Stlth-}
 98378 | Vaults:5 | Reached skill level 5 in Hexes
 98945 | Crypt:1  | Entered Level 1 of the Crypt
 99614 | Crypt:2  | Found a huge runed gate.
 99614 | Crypt:2  | Found a huge runed gate.
 99614 | Crypt:2  | Found a huge runed gate.
 99614 | Crypt:2  | Found a huge runed gate.
 99614 | Crypt:2  | Found a huge runed gate.
 99614 | Crypt:2  | Found a huge runed gate.
 99614 | Crypt:2  | Found a huge runed gate.
 99614 | Crypt:2  | Found a huge runed gate.
 99614 | Crypt:2  | Found a huge runed gate.
 99657 | Crypt:2  | Found a huge runed gate.
 99657 | Crypt:2  | Found a huge runed gate.
 99657 | Crypt:2  | Found a huge runed gate.
 99657 | Crypt:2  | Found a huge runed gate.
 99657 | Crypt:2  | Found a huge runed gate.
 99657 | Crypt:2  | Found a huge runed gate.
 99657 | Crypt:2  | Found a huge runed gate.
 99657 | Crypt:2  | Found a huge runed gate.
 99657 | Crypt:2  | Found a huge runed gate.
 99657 | Crypt:2  | Found a huge runed gate.
 99687 | Crypt:2  | Slain by a flayed ghost

Illustrated notes

Levels and vault maps discovered:
D:1:      minmay_arrival_up_and_down, layout_basic
D:2:      layout_loops_ring, basic_altar, kennysheep_cross_room, uniq_terence
D:3:      layout_basic, uniq_crazy_yiuf_cottage
D:4:      layout_rooms, nicolae_uskayaw_suspiria, mainiacjoe_overflow_paths,
          kennysheep_mini_moat, nicolae_grassy_gnolls
D:5:      kb_forest_paths, layout_basic, minmay_temple_entry_antechambers,
          portal_sewer_entry_f, serial_glass, glass_columns_a, glass_columns_b,
          uniq_grinder, uniq_edmund
D:6:      layout_cave_pools, mainiacjoe_overflow_alcove_2, uniq_duvessa,
          uniq_maggie
D:7:      layout_loops_ring, grunt_gozag_breadcrumbs
D:8:      hellmonk_ruined_rings, layout_basic, serial_shops, shop
D:9:      minmay_the_grid_four_pointed_star_mashed
          [minmay_the_grid_triangle_9x9_semitri,
          minmay_the_grid_triangle_9x9_minimal,
          minmay_the_grid_triangle_9x9_cache,
          minmay_the_grid_triangle_9x9_corruption,
          minmay_the_grid_prize_big_room], layout_basic
D:10:     layout_roguey, led_xom_imps, nicolae_qazlal_general_emergency,
          nicolae_dithmenos_shadow_blocks, amcnicky_altar_gilded,
          dpeg_oklobed_lair, serial_shops, nicolae_inconvenience_store,
          kennysheep_crisscross, hellmonk_guarded_unrand_dark_maul
D:11:     layout_basic
D:12:     layout_basic, orc_0_dummy, serial_shops, nicolae_shop_trees,
          serial_undead, serial_undead_b, serial_undead_f, serial_undead_c,
          serial_undead_d
D:13:     minmay_slanted_spiral_squares, layout_basic, uniq_maurice
D:14:     layout_long_grid, erik_vaults_1, serial_park_tiny_1
D:15:     hangedman_depths_entry_try_elsewhere_first, layout_loops_ring,
          minmay_misc_feat_room
Temple:   nicolae_temple_god_jail
Lair:1:   layout_loops_ring, serial_bayou_pond_e, nzn_random_ring,
          uniq_gastronok
Lair:2:   layout_roguey, minmay_shoals_entry_centaurs,
          nicolae_quartered_pool_little
Lair:3:   layout_gridlike, dummy_snake_entry, chequers_serial_rivers_small_b,
          grunt_megastairs_1, serial_bayou_shore_b, serial_bayou_shore_b,
          lemuel_fruit_tree, serial_bayou_shore_b, lemuel_fruit_fields
Lair:4:   layout_misc_corridors, infiniplex_staircase_pool_2, grunt_megastairs_2
Lair:5:   guppyfry_lair_end_dragon, layout_hall_layers, wormcave,
          nicolae_slime_entry_field_trip, uniq_rupert
Shoals:1: layout_shoals, uniq_donald
Shoals:2: layout_shoals, nicolae_shoals_wave_tunnel, uniq_ilsuiw
Shoals:3: nicolae_shoals_deep_elves_summer_vacation, layout_shoals,
          nicolae_shoals_so_close
Shoals:4: shoals_end_grunt_ice, layout_shoals, uniq_mlioglotl
Snake:1:  layout_chambers, nicolae_snake_herptile_family_reunion,
          grunt_megastairs_5
Snake:2:  layout_honeycomb, serial_bayou_shore_a
Snake:3:  layout_misc_corridors, st_stairs_9, minmay_shoptagon
Snake:4:  johnstein_snake_rune_scales, layout_misc_corridors,
          portal_ice_cave_entry_pillars_four, drop_trap,
          nicolae_snake_gridmaze_swirls, nrook_guardian_serpent_double,
          uniq_agnes
Slime:1:  layout_caves, cheibrodos_slime_lost_civilization_6
Slime:2:  layout_caves
Slime:3:  layout_caves
Slime:4:  layout_caves
Slime:5
Orc:1:    layout_caves, nicolae_volcano_entry_batcave, serial_shops
Orc:2:    st_orc_rangers, layout_diamond_mine, serial_shops, shop, basic_altar
Elf:1:    minmay_elf_arrival_plus, layout_geoelf_octagon, minmay_elf_sorcery,
          amcnicky_mini_pool_small, nicolae_specific_store
Elf:2:    elven_hall_of_blades_hangedman_alternative
          [nicolae_blade_little_rooms], layout_gridlike, hangedman_elf_represent
Elf:3:    grunt_elf_hall_asides, layout_geoelf_octagon, st_stairs_4
Vaults:1: vaults_room_semicircle, nicolae_vaults_little_squares_2, v_misc_22,
          ontoclasm_vaults_shuriken, vaults_dpeg_encased_lava,
          vaults_room_hallway, v_misc_1, nicolae_vaults_circle_grid_a,
          layout_vaults_quadrants
Vaults:2: vaults_mumra_chevron_long, vaults_mumra_minichess,
          nicolae_vaults_little_squares_4, dpeg_vaults_monster_box,
          hangedman_vaults_slice, v_misc_22, v_misc_24,
          minmay_crypt_entry_simple_walls,
          vaults_standard_mumra_enter_the_diamond, vaults_mumra_lcd,
          hangedman_vaults_slice, vaults_room_fours, ontoclasm_vaults_gallery,
          grunt_vaults_diagonal, v_alt_pattern_1, layout_vaults_maze
Vaults:3: v_pattern_5, door_vault, nicolae_vaults_network_barrier,
          vaults_dpeg_spiral, v_alt_pattern_5, v_misc_16,
          dpeg_vaults_monster_row, nicolae_vaults_network_s, v_misc_32,
          layout_vaults_omnibox, serial_shops, shop
Vaults:4: v_misc_12, ontoclasm_vaults_twist, ontoclasm_vaults_spin,
          grunt_vaults_hallway_long, vaults_dpeg_hooks, ontoclasm_vaults_eye,
          nicolae_vaults_little_squares_6, vaults_room_corners, st_lattice,
          layout_vaults_big_room
Vaults:5: uniq_sojobo, uniq_boris
Crypt:1:  layout_misc_corridors
Crypt:2:  layout_rooms, door_vault

Skill      XL: |  1  2  3  4  5  6  7  8  9 10 11 12 13 14 15 16 17 18 19 20 21 22 23 24 |
---------------+-------------------------------------------------------------------------+-----
Maces & Flails | 4 5 6 7 9 10 11 12 13 14 | 14.6
Shields        | 2 5 7 8 9 10 12 14 15 | 15.3
Stealth        | 2 5 7 8 9 |  9.2
Dodging        | 3 4 5 6 7 8 9 11 12 13 14 | 14.6
Fighting       | 4 6 7 9 11 13 14 15 | 15.5
Evocations     | 4 7 8 |  8.7
Invocations    | 4 7 9 11 14 15 16 18 19 20 | 20.2
Summonings     | 3 7 9 12 14 17 19 | 19.4
Spellcasting   | 1 6 10 13 15 16 | 16.0
Hexes          | 6 |  6.0

Action                     |  1- 3 |  4- 6 |  7- 9 | 10-12 | 13-15 | 16-18 | 19-21 | 22-24 || total
---------------------------+-------+-------+-------+-------+-------+-------+-------+-------++-------
  Melee: Mace              |    17 |    16 |       |       |       |       |       |       ||    33
         Tentacles         |     4 |    26 |    48 |   129 |   278 |   398 |   620 |   418 ||  1921
         Constrict         |     7 |    35 |    50 |    58 |   136 |   182 |   173 |   150 ||   791
         Morningstar       |       |   120 |   200 |   455 |   991 |  1296 |  1582 |  1019 ||  5663
         Kick              |       |    20 |    74 |   187 |   475 |   655 |   923 |   663 ||  2997
         Punch             |       |     1 |     1 |    12 |    22 |    26 |    36 |    30 ||   128
         Bite              |       |       |    18 |    71 |   210 |   233 |   377 |   229 ||  1138
  Throw: Dart              |       |       |       |     4 |     1 |       |     4 |       ||     9
         Stone             |       |       |       |       |     4 |    15 |     2 |       ||    21
   Cast: Summon Hydra      |       |       |       |       |       |       |    11 |   124 ||   135
 Invoke: Donate Gold       |       |       |       |     2 |       |     3 |       |       ||     5
         Recite            |       |       |       |     1 |    17 |    32 |    37 |    24 ||   111
         Vitalisation      |       |       |       |     1 |    18 |    24 |    11 |    10 ||    64
         Sanctuary         |       |       |       |       |     1 |     5 |     5 |     5 ||    16
         Imprison          |       |       |       |       |       |     2 |       |     2 ||     4
  Evoke: Piece from Xom's  |       |     2 |       |       |       |       |       |       ||     2
         Wand              |       |       |     4 |     9 |    32 |     7 |    28 |     4 ||    84
         Phial of floods   |       |       |       |       |     2 |     1 |     2 |     1 ||     6
         Phantom mirror    |       |       |       |       |       |       |     4 |     1 ||     5
         Lightning rod     |       |       |       |       |       |       |     8 |     6 ||    14
    Use: Potion            |       |     2 |     6 |     8 |     6 |    12 |    18 |     1 ||    53
         Scroll            |       |       |       |    21 |    21 |     8 |    16 |    16 ||    82
   Stab: Sleeping          |     2 |    14 |     8 |    11 |    28 |    23 |    27 |    18 ||   131
         Invisible         |       |       |     5 |       |     3 |       |       |       ||     8
         Distracted        |       |       |     1 |     3 |     4 |     3 |    11 |    23 ||    45
         Paralysed         |       |       |       |       |     9 |     2 |    13 |       ||    24
         Confused          |       |       |       |       |     7 |    17 |    38 |    18 ||    80
 Armour: Skin              |     1 |    34 |    35 |   147 |   211 |   154 |   199 |   119 ||   900
  Dodge: Dodged            |    10 |   103 |   139 |   335 |   611 |   737 |  1017 |   670 ||  3622
  Block: Buckler           |       |       |    31 |   131 |       |       |       |       ||   162
         Kite shield       |       |       |       |   102 |  1119 |  1213 |  1296 |   789 ||  4519
         Reflection        |       |       |       |       |   103 |    63 |    72 |    40 ||   278

Table legend: (Time is in decaauts)
 A = Elapsed time spent in this place.
 B = Non-inter-level travel time spent in this place.
 C = Inter-level travel time spent in this place.
 D = Time resting spent in this place.
 E = Time spent auto-exploring this place.
 F = Levels seen in this place.
 G = Mean time per level.
                   A        B        C        D        E       F      G
               +--------+--------+--------+--------+--------+-----+--------+
         Total |  99278 |  94552 |   4726 |  45167 |  35462 |  52 | 1909.2 |
       Dungeon |  53509 |  51370 |   2139 |  37728 |  10676 |  15 | 3567.3 |
        Temple |     61 |     43 |     18 |      0 |     24 |   1 |   61.0 |
          Lair |   5798 |   5118 |    680 |     25 |   3923 |   5 | 1159.6 |
        Shoals |   4121 |   3970 |    151 |    187 |   2698 |   4 | 1030.2 |
     Snake Pit |  10614 |  10253 |    361 |   3448 |   4716 |   4 | 2653.5 |
    Slime Pits |   4228 |   3813 |    415 |    622 |   1766 |   5 |  845.6 |
  Orcish Mines |   2256 |   2036 |    220 |    787 |    844 |   2 | 1128.0 |
   Elven Halls |   6664 |   6341 |    323 |   1752 |   3078 |   3 | 2221.3 |
        Vaults |   8768 |   8408 |    360 |    357 |   5797 |   5 | 1753.6 |
         Crypt |    730 |    676 |     54 |      8 |    468 |   2 |  365.0 |
         Abyss |    501 |    501 |      0 |    166 |     88 |   3 |  167.0 |
         Sewer |     82 |     82 |      0 |      0 |     40 |   1 |   82.0 |
      Ice Cave |   1206 |   1206 |      0 |     85 |    843 |   1 | 1206.0 |
       Volcano |    734 |    734 |      0 |      0 |    501 |   1 |  734.0 |
               +--------+--------+--------+--------+--------+-----+--------+

Top non-repeatable levels by time:
     D:1: 20831 daAuts
     D:4: 11527 daAuts
     D:7: 6004 daAuts
 Snake:3: 3507 daAuts
 Snake:1: 3172 daAuts
   Elf:2: 2805 daAuts
Vaults:5: 2741 daAuts
 Snake:4: 2259 daAuts
    D:13: 2253 daAuts
   Elf:1: 2102 daAuts
     D:2: 1965 daAuts
   Elf:3: 1756 daAuts
 Snake:2: 1675 daAuts
    D:14: 1667 daAuts
Vaults:2: 1588 daAuts
